 Dungeon Crawl Stone Soup version 0.20-a0-909-g1a4ba80 (webtiles) character file.

7795 LORDOFBUTT the Cleaver (level 11, -4/94 HPs)
             Began as a Minotaur Berserker on Mar 23, 2017.
             Was a High Priest of Trog.
             Slain by an orc warrior
             ... wielding a +0 war axe
              (18 damage)
             ... in a bailey.
             The game lasted 00:10:17 (6715 turns).

LORDOFBUTT the Cleaver (Minotaur Berserker)         Turns: 6715, Time: 00:10:18

Health: -4/94      AC: 12    Str: 23    XL:     11   Next: 1%
Magic:  12/14      EV: 11    Int:  2    God:    Trog [*****.]
Gold:   385        SH:  0    Dex: 12    Spells: 10/10 levels left

rFire    . . .     SeeInvis .   D - +7 hand axe "Wenab" {drain, rPois}
rCold    . . .     Gourm    .   k - +0 chain mail
rNeg     . . .     Faith    .   (no shield)
rPois    +         Spirit   .   (helmet restricted)
rElec    .         Reflect  .   (no cloak)
rCorr    .         Harm     .   j - +0 pair of gloves
MR       ++...                  (no boots)
Stlth    ..........             (no amulet)
Regen    1.3/turn               (no ring)
MPRegen  0.2/turn               B - ring of stealth

@: exhausted, regenerating, slowed, very slow
A: retaliatory headbutt, horns 2, dopey 1
a: Berserk, Trog's Hand, Brothers in Arms, Burn Spellbooks, Renounce Religion


You were in a bailey.
You worshipped Trog.
Trog was extremely pleased with you.
You were not hungry.

You visited 1 branch of the dungeon, and saw 8 of its levels.
You also visited: Bailey.

You collected 385 gold pieces.

Inventory:

Hand Weapons
 D - the +7 hand axe "Wenab" (weapon) {drain, rPois}
   (You found it on level 8 of the Dungeon)

   A truly terrible weapon, it drains the life of those it strikes.
   It protects you from poison.
Armour
 j - a +0 pair of gloves (worn)
 k - a +0 chain mail (worn)
Jewellery
 B - a ring of stealth (left hand)
Wands
 f - a wand of polymorph (15/24)
 g - a wand of digging (19/24)
 t - a wand of polymorph (19/24)
Scrolls
 d - 5 scrolls of teleportation
 i - 3 scrolls of enchant armour
 n - 2 scrolls of blinking {unknown}
 o - a scroll of enchant weapon {unknown}
 p - 2 scrolls of recharging
 q - a scroll of holy word {unknown}
 r - a scroll of noise {unknown}
 u - a scroll of magic mapping
 x - a scroll of immolation {unknown}
 y - a scroll of remove curse
 C - 2 scrolls of identify
Potions
 a - 4 potions of cancellation
 b - a potion of invisibility
 e - a potion of haste
 h - a potion of lignification
 l - 2 potions of curing
 s - 3 potions of resistance
 v - a potion of mutation
Books
 w - a book of Misfortune

   Spells                             Type                      Level
   a - Confusing Touch                Hexes                        1
   b - Confuse                        Hexes                        3
   c - Gell's Gravitas                Translocation                3
   d - Petrify                        Transmutation/Earth          4
   e - Metabolic Englaciation         Hexes/Ice                    5
   f - Yara's Violent Unravelling     Hexes/Transmutation          5
   Trog disapproves of the use of such an item.
Miscellaneous
 A - a box of beasts
Comestibles
 c - 10 bread rations
 m - 15 chunks of flesh
 z - 3 royal jellies


   Skills:
 + Level 8.3 Fighting
 - Level 14.0 Axes
 + Level 7.6 Armour
 + Level 7.1 Dodging
 + Level 5.3 Evocations


You had 10 spell levels left.
You didn't know any spells.

Dungeon Overview and Level Annotations

Branches:
Dungeon (8/15)             Temple (0/1) D:5
   Lair: D:8-11

Altars:
Gozag

Shops:
D:7 =


Innate Abilities, Weirdness & Mutations

You reflexively headbutt those who attack you in melee.
You have a pair of horns on your head.
You are dopey. (Int -2)


Message History

* * * LOW HITPOINT WARNING * * *
The orc knight hits your deep troll with a war axe.
Your skin crawls.
You feel resistant to hostile enchantments.
You feel quite a bit more hungry.
The orc warrior no longer looks unusually strong.
Your deep troll bites the orc knight!!
The orc knight dies!
Trog accepts your kill.
You have reached level 11!
The orc warrior completely misses you.
Your deep troll bites the goblin.
Your deep troll claws the goblin!!
The goblin dies!
Trog accepts your kill.
You slash the orc warrior! You headbutt the orc warrior.
The orc warrior is heavily wounded.
Your deep troll bites the orc warrior.
Your deep troll claws the orc warrior.
Your deep troll closely misses the orc warrior.
The orc warrior hits you with a war axe!!
You die...

###.#+# ##.#
###.....### #....
##.........## ...... #
#..........8##...... #
#..........8#....... #
#∩....⌠....g))...... #
#..........8#....... #
#.......ooT8##...... #
##......@..###......
## ###...))###.###....
###.
###.#)#.....###.###...
###)).......###.....
#...........#......
#...........#......
#...).⌠.....#)....⌠
#...........)......
#...........#).....


You could see 2 orc warriors, a goblin and a friendly deep troll (berserk).

Vanquished Creatures
  An orc warlord (Bailey)
  An orc knight (Bailey)
  2 hellwings (D:7)
  Sigmund (D:4)
  A sky beast (D:6)
  11 orc warriors
  A black bear (D:3)
  2 necrophages
  A phantom (D:8)
  4 ogres
  3 centaurs
  A big kobold (D:7)
  2 bullfrogs
  2 wyvern zombies (D:7)
  4 scorpions
  A wyvern skeleton (D:8)
  4 killer bees (D:8)
  4 wights (D:7)
  4 howler monkeys
  2 crimson imps (D:6)
  2 bullfrog zombies
  2 centaur zombies (D:7)
  3 centaur skeletons
  5 hounds
  An orc priest (D:5)
  3 bullfrog skeletons
  3 iguanas
  11 orc wizards
  Natasha (thrice) (D:3)
  4 worker ants
  A hound skeleton (D:6)
  4 gnolls (Bailey)
  A howler monkey skeleton (D:6)
  5 adders
  5 shadow imps (D:7)
  An ooze (D:2)
  An adder zombie (D:5)
  An adder skeleton (D:6)
  2 worms
  A dart slug (D:1)
  2 leopard geckos
  30 orcs
  2 ball pythons (D:3)
  3 giant cockroaches
  15 goblins
  19 hobgoblins
  14 jackals
  A quokka (D:3)
  A ball python skeleton (D:4)
  6 bats
  3 frilled lizards
  9 kobolds
  2 leopard gecko skeletons
  8 rats
226 creatures vanquished.

Vanquished Creatures (collateral kills)
  An orc knight (Bailey)
  A goblin (Bailey)
2 creatures vanquished.

Grand Total: 228 creatures vanquished

Notes
Turn   | Place    | Note
-------+----------+-------------------------------------------
     0 | D:1      | LORDOFBUTT the Minotaur Berserker began the quest for the Orb.
     0 | D:1      | Reached XP level 1. HP: 19/19 MP: 0/0
    52 | D:1      | Reached skill level 4 in Axes
   135 | D:1      | Reached XP level 2. HP: 26/26 MP: 1/1
   607 | D:2      | Reached skill level 5 in Axes
   608 | D:2      | Reached XP level 3. HP: 30/31 MP: 2/2
   750 | D:2      | Found an opulent altar of Gozag.
   957 | D:2      | Reached ** piety under Trog
  1079 | D:2      | Reached XP level 4. HP: 36/39 MP: 3/3
  1626 | D:2      | Reached skill level 6 in Axes
  1822 | D:3      | Noticed Natasha
  1831 | D:3      | Killed Natasha
  1975 | D:3      | Noticed a black bear
  1992 | D:3      | Killed a black bear
  1992 | D:3      | Reached skill level 7 in Axes
  1992 | D:3      | Reached XP level 5. HP: 30/45 MP: 4/4
  2211 | D:3      | Noticed Natasha
  2217 | D:3      | Killed Natasha
  2218 | D:3      | Noticed Natasha
  2232 | D:3      | Killed Natasha
  2232 | D:3      | Reached skill level 8 in Axes
  2363 | D:4      | Noticed an ogre
  2369 | D:4      | Killed an ogre
  2369 | D:4      | Reached XP level 6. HP: 42/51 MP: 5/5
  2492 | D:4      | Reached skill level 9 in Axes
  2534 | D:4      | Reached *** piety under Trog
  2548 | D:4      | Noticed Sigmund
  2739 | D:4      | Reached XP level 7. HP: 46/57 MP: 2/6
  2755 | D:4      | Killed Sigmund
  2755 | D:4      | Reached skill level 10 in Axes
  3702 | D:4      | Reached skill level 11 in Axes
  3725 | D:5      | Entered Level 5 of the Dungeon
  3789 | D:5      | Found a staircase to the Ecumenical Temple.
  4133 | D:5      | Reached XP level 8. HP: 62/64 MP: 2/7
  4493 | D:6      | Reached skill level 12 in Axes
  4692 | D:6      | Gained mutation: You are dopey. (Int -2) [mutagenic meat]
  4723 | D:6      | Reached skill level 13 in Axes
  5166 | D:7      | Reached XP level 9. HP: 48/69 MP: 2/8
  5185 | D:7      | Reached skill level 14 in Axes
  5575 | D:7      | Reached skill level 1 in Evocations
  5619 | D:7      | Reached **** piety under Trog
  5641 | D:7      | Found Tusad's Jewellery Shoppe.
  5797 | D:7      | Reached skill level 5 in Fighting
  5826 | D:7      | Noticed a hellwing
  5836 | D:7      | Reached skill level 5 in Armour
  5842 | D:7      | Killed a hellwing
  5842 | D:7      | Reached XP level 10. HP: 28/82 MP: 3/11
  6116 | D:7      | Reached skill level 5 in Dodging
  6431 | D:8      | Found a flagged portal.
  6441 | D:8      | Got a warped hand axe
  6442 | D:8      | Identified the +7 hand axe "Wenab" {drain, rPois} (You found it on level 8 of the Dungeon)
  6450 | Bailey   | Entered a bailey
  6512 | Bailey   | Reached ***** piety under Trog
  6627 | Bailey   | Received a gift from Trog
  6669 | Bailey   | Noticed an orc warlord
  6669 | Bailey   | Noticed an orc knight
  6670 | Bailey   | Noticed an orc knight
  6690 | Bailey   | Killed an orc knight
  6706 | Bailey   | Killed an orc warlord
  6706 | Bailey   | Reached skill level 5 in Evocations
  6714 | Bailey   | Killed an orc knight
  6714 | Bailey   | Reached XP level 11. HP: 13/94 MP: 12/14
  6715 | Bailey   | Slain by an orc warrior

Vault maps used:
D:1:      erik_arrival_triangle_medium
D:2:      nicolae_overflow_crystal_walls, kennysheep_generic_room_13
D:3:      uniq_natasha
D:4:      uniq_sigmund
D:5:      minmay_temple_entry_glassed_door, first_bread,
          minmay_stone_trees_small
D:7:      cheibrodos_grave_circle, serial_shops, nicolae_shop_trees,
          minmay_liquid_box, minmay_door_square
D:8:      enter_bailey_2, hangedman_little_slice_of_home
Bailey:   bailey_axe_minmay_hex_keep, bailey

Skill      XL: |  1  2  3  4  5  6  7  8  9 10 |
---------------+-------------------------------+-----
Axes           | 4 5 7 8 9 11 13 14 | 14.0
Fighting       | 6 8 |  8.3
Evocations     | 3 5 |  5.3
Armour         | 5 7 |  7.6
Dodging        | 4 7 |  7.1

Action                   |  1- 3 |  4- 6 |  7- 9 | 10-12 || total
-------------------------+-------+-------+-------+-------++-------
Melee: Hand axe          |    64 |   136 |   275 |   163 ||   638
       Headbutt          |     9 |    27 |    75 |    38 ||   149
Invok: Berserk           |       |       |     2 |     5 ||     7
       Trog's Hand       |       |       |       |     1 ||     1
       Brothers in Arms  |       |       |       |     1 ||     1
  Use: Potion            |     2 |       |       |     1 ||     3
       Scroll            |     1 |     1 |    10 |     1 ||    13
 Stab: Sleeping          |     3 |       |       |       ||     3
  Eat: Chunk             |       |     1 |    10 |       ||    11
       Fruit             |       |     1 |     6 |     2 ||     9
       Bread ration      |       |     1 |       |       ||     1
       Meat ration       |       |       |       |     1 ||     1
Armor: Animal skin       |    14 |       |       |       ||    14
       Chain mail        |     3 |    74 |    97 |    35 ||   209
Dodge: Dodged            |    44 |    50 |    85 |    44 ||   223
